 Dungeon Crawl Stone Soup version 0.29.1-15-g9cfb28693d (webtiles) character file.

Game seed: 2956537314673506699

687 Peloso the Slasher (level 7, -1/61 HPs)
             Began as a Minotaur Fighter on Apr 29, 2023.
             Slain by an iguana (11 damage)
             ... on level 5 of the Dungeon.
             The game lasted 00:07:33 (4460 turns).

Peloso the Slasher (Minotaur Fighter)               Turns: 4460, Time: 00:07:33

Health: -1/61      AC: 18    Str: 27    XL:     7   Next: 35%
Magic:  6/6        EV:  7    Int:  5    God:
Gold:   268        SH:  5    Dex: 11    Spells: 6/6 levels left

rFire   . . .      SeeInvis .   a - +0 long sword
rCold   . . .      Faith    .   d - +0 buckler
rNeg    . . .      Spirit   .   q - +0 plate armour
rPois   .          Reflect  .   y - +2 hat
rElec   .          Harm     .   (no cloak)
rCorr   .          Rampage  .   c - +1 pair of gloves
Will    .....                   u - +0 pair of boots
Stlth   ..........              (no amulet)
HPRegen 0.20/turn               e - +6 ring of strength
MPRegen 0.10/turn               (no ring)

@: no status effects
A: horns 2, retaliatory headbutt
a: no special abilities


You were on level 5 of the Dungeon.
You visited 1 branch of the dungeon, and saw 5 of its levels.

You collected 268 gold pieces.

Inventory:

Hand Weapons
 a - a +0 long sword (weapon)
Armour
 b - a +0 scale mail
 c - a +1 pair of gloves (worn)
 d - a +0 buckler (worn)
 q - a +0 plate armour (worn)
 u - a +0 pair of boots (worn)
 y - a +2 hat (worn)
Jewellery
 e - a +6 ring of strength (left hand)
 z - a ring of flight
Wands
 w - a wand of roots (5)
Scrolls
 i - a scroll of blinking {unknown}
 j - 2 scrolls of immolation
 n - a scroll of enchant armour
 r - 2 scrolls of magic mapping
 t - a scroll of amnesia {unknown}
 v - a scroll of silence {unknown}
 x - a scroll of summoning {unknown}
 B - a scroll of identify
Potions
 f - 3 potions of might
 g - 4 potions of curing
 h - 2 potions of invisibility {unknown}
 k - 2 potions of mutation {unknown}
 l - 3 potions of heal wounds {unknown}
 m - 3 potions of ambrosia {unknown}
 o - a potion of brilliance {unknown}
 p - a potion of degeneration {unknown}
 s - a potion of berserk rage
 A - a potion of magic {unknown}
 C - a potion of haste {unknown}


   Skills:
 + Level 5.3 Fighting
 + Level 7.1 Long Blades
 + Level 5.8 Armour
 + Level 0.9 Dodging
 + Level 0.7 Stealth
 + Level 4.6 Shields


You had 6 spell levels left.
You didn't know any spells.
Your spell library contained the following spells:

 Spells                   Type           Power      Damage    Failure   Level
 Beastly Appendage        Tmut           0%         N/A       100%        1
 Wereblood                Tmut           0%         N/A       100%        2
 Dazzling Flash           Conj/Hex       0%         N/A       100%        3
 Spider Form              Tmut/Pois      0%         N/A       100%        3
 Agony                    Necr           0%         N/A       100%        5
 Silence                  Hex/Air        0%         N/A       100%        5


Dungeon Overview and Level Annotations

Branches:
Dungeon (5/15)
 Temple: D:4-7

Altars:
Elyvilon
Nemelex Xobeh
Uskayaw


Innate Abilities, Weirdness & Mutations

You have a pair of horns on your head.
You reflexively headbutt those who attack you in melee.


Message History

There are monsters nearby!
There are monsters nearby!
An orc priest comes into view. It is wielding a +0 flail.
The orc priest shouts!
An orc priest comes into view. It is wielding a +0 short sword.
You block the adder's attack.
You closely miss the adder. Your headbutt misses the adder.
The adder bites you but does no damage.
You hit the adder.
The adder is lightly wounded.
The adder bites you.
An orc priest comes into view. It is wielding a +0 short sword.
The iguana hisses menacingly.
The adder barely misses you.
You closely miss the adder.
The orc priest shouts!
You headbutt the adder.
The adder is heavily wounded.
The orc priest calls down the wrath of Beogh upon you.
Beogh smites you! You block the adder's attack.
The adder attacks as you move away! The adder bites you but does no damage.
The orc priest invokes the aid of Beogh against you.
Beogh smites you! The adder barely misses you.
The iguana attacks as you move away!
The iguana bites you but does no damage.
The adder attacks as you move away! The adder bites you but does no damage.
The iguana attacks as you move away! The iguana bites you.
The orc priest mumbles some strange prayers to Beogh against you.
Beogh smites you! You block the adder's attack.
There is an open door here.
The adder completely misses you. You furiously retaliate!
You headbutt the adder!
You kill the adder!
The orc priest invokes the aid of Beogh against you.
Beogh smites you!
The orc priest invokes the aid of Beogh against you.
Beogh smites you!
* * * LOW HITPOINT WARNING * * *
The iguana attacks as you move away! The iguana bites you!
You die...

##..##...##...###..##..##.
#........##...###o#######
#.........#.....o........
#.........#.....o........
#.........#.............#
#...<.....#..............
##..##...####.##.####+...
#####...####.##)# ##.
#....@lo.....#
#............#
#............#
#............#
##.....#######
##.....##....#
#...........[#
#.............
#.............


You could see an iguana and an orc.

Vanquished Creatures
  Grinder (D:3)
  An ogre (D:4)
  A scorpion (D:4)
  A howler monkey (D:4)
  Crazy Yiuf (D:4)
  A gnoll bouda (D:3)
  2 iguanas (D:4)
  3 gnolls
  10 adders
  2 worms
  3 dart slugs
  2 orcs (D:4)
  9 bats
  5 endoplasms
  4 giant cockroaches
  2 goblins
  12 hobgoblins
  5 quokkas
  7 ball pythons
  3 frilled lizards
  3 kobolds
  3 rats
81 creatures vanquished.

Notes
Turn   | Place    | Note
-------+----------+-------------------------------------------
     0 | D:1      | Peloso the Minotaur Fighter began the quest for the Orb.
     0 | D:1      | Reached XP level 1. HP: 19/19 MP: 0/0
   338 | D:1      | Found a faded altar of an unknown god.
   470 | D:1      | Reached XP level 2. HP: 27/27 MP: 1/1
  1142 | D:2      | Reached skill level 3 in Long Blades
  1214 | D:2      | Reached XP level 3. HP: 33/33 MP: 2/2
  1645 | D:3      | Noticed Grinder
  1645 | D:3      | Paralysed by Grinder for 3 turns
  1675 | D:3      | Killed Grinder
  1676 | D:3      | Reached skill level 5 in Long Blades
  1676 | D:3      | Reached skill level 5 in Armour
  1676 | D:3      | Reached XP level 4. HP: 15/41 MP: 3/3
  1676 | D:3      | Reached XP level 5. HP: 17/47 MP: 4/4
  2049 | D:3      | Found a white marble altar of Elyvilon.
  2178 | D:3      | Reached XP level 6. HP: 55/55 MP: 5/5
  2253 | D:3      | Found a hide-covered altar of Uskayaw.
  2743 | D:4      | Reached skill level 5 in Fighting
  2895 | D:4      | Reached skill level 6 in Long Blades
  3199 | D:4      | Found a sparkling altar of Nemelex Xobeh.
  3262 | D:4      | Reached XP level 7. HP: 45/61 MP: 6/6
  3423 | D:4      | Found a runed translucent door.
  3424 | D:4      | Noticed Crazy Yiuf
  4121 | D:4      | Killed Crazy Yiuf
  4122 | D:4      | Reached skill level 7 in Long Blades
  4394 | D:5      | Entered Level 5 of the Dungeon
  4460 | D:5      | Slain by an iguana

Illustrated notes

Levels and vault maps discovered:
D:1:      lightli_arrival_isolated_outpost, layout_loops_corners,
          hellmonk_ecumenical_altar_blasted
D:2:      layout_loops_ring
D:3:      layout_loops_ring, overflow_temple_1_default,
          nicolae_overflow_crystal_walls, uniq_grinder
D:4:      minmay_thinvault, layout_cave_pods, nemelex_dance_club_becter,
          grunt_ministairs_7, uniq_crazy_yiuf_cottage
D:5:      layout_gridville, nicolae_dithmenos_shadow_blocks,
          nicolae_overflow_hidden_temple

Skill      XL: |  1  2  3  4  5  6  7 |
---------------+----------------------+-----
Fighting       | 4 5 |  5.3
Long Blades    | 3 5 6 7 |  7.1
Armour         | 5 |  5.8
Shields        | 4 |  4.6
Dodging        | |  0.9
Stealth        | |  0.7

Action                   |  1- 3 |  4- 6 |  7- 9 || total
-------------------------+-------+-------+-------++-------
Melee: Long sword        |    66 |   102 |    44 ||   212
       Headbutt          |    13 |    17 |    10 ||    40
  Use: Scroll            |     4 |     1 |       ||     5
       Potion            |     2 |       |       ||     2
Armor: Scale mail        |    28 |    19 |       ||    47
       Plate armour      |       |    45 |    38 ||    83
Dodge: Dodged            |    36 |    45 |    13 ||    94
Block: Buckler           |    12 |    24 |    16 ||    52
